 Dungeon Sprint DCSS version 0.30.1-11-g7821555f0a (webtiles) character file.

Game seed: 13337903738618340001

642 Groucho the Thaumaturge (level 7, -1/52 HPs)
             Began as a Djinni Earth Elementalist on Dec 19, 2023.
             Was an Elder of Dithmenos.
             Slain by a deep troll (10 damage)
             ... in the Dungeon (Sprint VII: "The Pits").
             The game lasted 00:03:56 (951 turns).

Groucho the Thaumaturge (Djinni Earth Elementalist)  Turns: 951, Time: 00:03:57

Health: -1/52      AC:  2    Str:  7    XL:     7   Next: 81%
Gold:   0          EV: 14    Int: 19    God:    Dithmenos [****..] SH:  0 Dex: 13

rFire   + + .        g - +2 dagger
rCold   x . .        (no shield)
rNeg    . . .        a - +0 robe
rPois   ∞            (no helmet)
rElec   .            (no cloak)
rCorr   .            (no gloves)
SInv    .            (boots unavailable)
Will    .....        (no amulet)
Stlth   ++++         (no ring)
HPRegen 0.28/turn    (no ring)
MPRegen 0.00/turn

%: no teleportation, infuse magic (-2 HP)
@: flying, wreathed by umbra
A: sickness immunity, fire resistance 2, cold vulnerability 1, float, innate
caster, HP casting, extra vitality 1
a: Renounce Religion, Shadow Step


You were in the Dungeon.
You worshipped Dithmenos.
Dithmenos was greatly pleased with you.
You visited 1 branch

Inventory:

Hand Weapons
 g - a +2 dagger (weapon)
 j - a +2 trident
Armour
 a - a +0 robe (worn)
 c - a +3 scale mail
Scrolls
 f - a scroll of blinking
 i - a scroll of butterflies
Potions
 b - 6 potions of curing
 d - a potion of haste
 e - 3 potions of berserk rage
 h - 2 potions of invisibility
 k - 5 potions of heal wounds


   Skills:
 + Level 4.3 Fighting
 + Level 3.8 Short Blades
 + Level 4.3 Armour
 + Level 5.3 Dodging
 + Level 4.2 Stealth
 + Level 9.8 Spellcasting


You knew the following spells:

 Your Spells              Type           Power      Damage    Failure   Level
a - Sandblast             Erth           92%        2d19      1%          1
b - Passwall              Tmut/Erth      38%        N/A       1%          2
c - Stone Arrow           Conj/Erth      92%        3d12      1%          3
d - Petrify               Tmut/Erth      46%        N/A       1%          4
e - Necrotise             Necr           100%       1d9       1%          1
f - Poisonous Vapours     Pois/Air       92%        N/A       1%          2
g - Wereblood             Tmut           46%        N/A       1%          2
Your spell library was empty.

Dungeon Overview and Level Annotations

Branches:
Dungeon (1/1)

Altars:
Ashenzari
Cheibriados
Dithmenos
Elyvilon
Fedhas
Gozag
Hepliaklqana
Makhleb
Nemelex Xobeh
Okawaru
Qazlal
Ru
Trog
Uskayaw
Wu Jian
Xom
Yredelemnul
Zin
The Shining One
Jiyva
Lugonu


Innate Abilities, Weirdness & Mutations

You are immune to sickness and miasma.
You are immune to poison.
Your flesh is very heat resistant. (rF++)
You are vulnerable to cold. (rC-)
You float through the air rather than walking.
You learn spells naturally, not from books.
Your magical power is your life essence.
You have superior vitality. (+4 MHP)


Message History

There is an open door here.
You reach down and open the door.
A deep troll comes into view.
There is an open door here.
Aiming: Sandblast (safe; 1% risk of failure)
Press: ? - help, Q - select action, (/) - cycle Shift-Dir - straight line, f - deep troll
Aim: a deep troll (asleep, umbra, 100% to hit)
The blast of sand hits the deep troll!
The deep troll is moderately wounded.
The deep troll shouts!
Unknown command.
Aiming: Sandblast (safe; 1% risk of failure)
Press: ? - help, Q - select action, (/) - cycle Shift-Dir - straight line, f/p - deep troll
Aim: a deep troll (moderately wounded, umbra, 85% to hit)
The blast of sand hits the deep troll!
The deep troll is heavily wounded.
The deep troll barely misses you. The deep troll misses you.
The deep troll claws you. The deep troll completely misses you.
The deep troll misses you. The deep troll claws you!
Unknown command.
Unknown command.
Aiming: Sandblast (safe; 1% risk of failure)
Press: ? - help, Q - select action, (/) - cycle Shift-Dir - straight line, f/p - deep troll
Aim: a deep troll (heavily wounded, umbra, 85% to hit)
The blast of sand hits the deep troll.
The deep troll is heavily wounded.
The deep troll closely misses you. The deep troll claws you.
The deep troll claws you!
Unknown command.
Unknown command.
Unknown command.
Aiming: Sandblast (safe; 1% risk of failure)
Press: ? - help, Q - select action, (/) - cycle Shift-Dir - straight line, f/p - deep troll
Aim: a deep troll (heavily wounded, umbra, 85% to hit)
The blast of sand hits the deep troll!
The deep troll is severely wounded.
The deep troll barely misses you. x3; The deep troll bites you!
* * * LOW HITPOINT WARNING * * *
The deep troll claws you!
You die...

#.#..#[))).##.......#
#'###########.......#
#.......# #########
#..###..# #.......#
##.###.##+#
#...)...#.+
#..###..#T#
#.......@.#
###########


You could see a deep troll.

Vanquished Creatures
  2 floating eyes (D)
  A sky beast (D)
  A gnoll sergeant (D)
  4 wights (D)
  A mummy (D)
  5 gnolls (D)
  A river rat (D)
  A ball python (D)
  A bat (D)
  A giant cockroach (D)
  A hobgoblin (D)
  A frilled lizard (D)
  A kobold (D)
21 creatures vanquished.

Notes
Turn   | Place    | Note
-------+----------+-------------------------------------------
     0 | D        | Groucho the Djinni Earth Elementalist began the quest for
                  | the Orb.
     0 | D        | Groucho set off with the following spells memorised:
                  | Sandblast, Passwall, Stone Arrow, Petrify.
     0 | D        | Reached XP level 1. HP: 15/15 MP: 0/0
     8 | D        | Noticed a floating eye
    13 | D        | Killed a floating eye
    14 | D        | Reached skill level 7 in Spellcasting
    14 | D        | Reached XP level 2. HP: 20/21 MP: 0/0
    14 | D        | Reached XP level 3. HP: 23/25 MP: 0/0
    14 | D        | Learned a level 1 spell: Necrotise
    14 | D        | Reached XP level 4. HP: 29/31 MP: 0/0
    14 | D        | Reached XP level 5. HP: 33/35 MP: 0/0
    14 | D        | Learned a level 2 spell: Poisonous Vapours
    44 | D        | Found a bloodstained altar of Trog.
    44 | D        | Found a viscous altar of Jiyva.
    44 | D        | Found a hazy altar of Hepliaklqana.
    44 | D        | Found an opulent altar of Gozag.
    45 | D        | Found a glowing golden altar of the Shining One.
    45 | D        | Found a glowing silver altar of Zin.
    45 | D        | Found a basalt altar of Yredelemnul.
    45 | D        | Found a shimmering altar of Xom.
    45 | D        | Found an ornate altar of the Wu Jian Council.
    45 | D        | Found a sacrificial altar of Ru.
    45 | D        | Found a stormy altar of Qazlal.
    45 | D        | Found an iron altar of Okawaru.
    45 | D        | Found a sparkling altar of Nemelex Xobeh.
    45 | D        | Found a burning altar of Makhleb.
    45 | D        | Found a blossoming altar of Fedhas.
    45 | D        | Found a white marble altar of Elyvilon.
    45 | D        | Found a shadowy altar of Dithmenos.
    45 | D        | Found a snail-covered altar of Cheibriados.
    69 | D        | Found a corrupted altar of Lugonu.
    70 | D        | Found a hide-covered altar of Uskayaw.
    70 | D        | Found a broken altar of Ashenzari.
    78 | D        | Became a worshipper of Dithmenos the Shadowed
    90 | D        | Noticed a floating eye
   101 | D        | Paralysed by a floating eye for 3 turns
   106 | D        | Killed a floating eye
   107 | D        | Reached skill level 9 in Spellcasting
   107 | D        | Reached XP level 6. HP: 35/40 MP: 0/0
   121 | D        | Reached * piety under Dithmenos
   143 | D        | Reached ** piety under Dithmenos
   203 | D        | Noticed a sky beast
   235 | D        | Reached *** piety under Dithmenos
   236 | D        | Reached skill level 1 in Short Blades
   236 | D        | Reached skill level 1 in Armour
   243 | D        | Reached XP level 7. HP: 23/50 MP: 0/0
   243 | D        | Learned a level 2 spell: Wereblood
   280 | D        | Reached **** piety under Dithmenos
   515 | D        | Reached skill level 5 in Dodging
   945 | D        | Noticed a deep troll
   951 | D        | Slain by a deep troll

Illustrated notes

Levels and vault maps discovered:
D:        pitsprint [storerooms_1, entrance_room_1, metal_vault_5, armoury_2,
          mini_pit_1, grid_room_1, main_hall_1, silver_pit, the_coven_3,
          the_vestibule_1, steel_vault_2, golden_pit, hallway_of_sentries,
          crystal_vault_3, iron_vault_5, final_vault]

Skill      XL: |  1  2  3  4  5  6  7 |
---------------+----------------------+-----
Spellcasting   | 7 9 |  9.8
Fighting       | 3 4 |  4.3
Short Blades   | 2 3 |  3.8
Armour         | 2 4 |  4.3
Dodging        | 4 5 |  5.3
Stealth        | 3 4 |  4.2

Action                     |  1- 3 |  4- 6 |  7- 9 || total
---------------------------+-------+-------+-------++-------
  Melee: Dagger            |       |    15 |     6 ||    21
         Punch             |       |       |     1 ||     1
   Cast: Sandblast         |     2 |    13 |    16 ||    31
         Poisonous Vapours |       |     2 |       ||     2
         Petrify           |       |     3 |       ||     3
    Use: Potion            |       |     1 |       ||     1
   Stab: Petrified         |       |     1 |       ||     1
         Sleeping          |       |     3 |       ||     3
 Armour: Robe              |       |       |     1 ||     1
  Dodge: Dodged            |       |    12 |    10 ||    22
